 Dungeon Crawl Stone Soup version 0.31-a0-161-gb58dd9be76 (webtiles) character file.

Game seed: 17155226431520655232

70 Hubris850 the Insei (level 4, -6/24 HPs)
             Began as a Vine Stalker Monk on June 12, 2023.
             Killed by divine providence
             ... invoked by an orc priest
              (12 damage)
             ... on level 2 of the Dungeon.
             The game lasted 00:03:54 (936 turns).

Hubris850 the Insei (Vine Stalker Monk)              Turns: 936, Time: 00:03:57

Health: -6/24      AC:  3    Str: 15    XL:     4   Next: 21%
Magic:  0/5        EV: 13    Int: 10    God:
Gold:   47         SH:  0    Dex: 17    Spells: 3/3 levels left

rFire   . .          .
                       - Unarmed
rCold   . . .        (no shield)
rNeg    . . .        a - +0 robe
rPois   .            (no helmet)
rElec   .            (no cloak)
rCorr   .            (no gloves)
SInv    .            e - +0 pair of boots
Will    .....        (no amulet)
Stlth   ++           (no ring)
HPRegen 1.04/turn    (no ring)
MPRegen 0.09/turn

%: guardian spirit
@: no status effects
A: fangs 2, regeneration 1, magic shield, antimagic bite, no potion heal 2
a: no special abilities


You were on level 2 of the Dungeon.
You visited 1 branch of the dungeon, and saw 2 of its levels.

You collected 47 gold pieces.

Inventory:

Armour
 a - a +0 robe (worn)
 c - an orb of light
 e - a +0 pair of boots (worn)
Scrolls
 d - a scroll of blinking {unknown}
 g - a scroll of revelation {unknown}
 h - a scroll of identify {unknown}
 i - a scroll of fear {unknown}
 k - a scroll of immolation {unknown}
Potions
 b - a potion of ambrosia
 f - 2 potions of might {unknown}
 j - a potion of curing {unknown}


   Skills:
 - Level 3.0 Fighting
 + Level 3.0 Dodging
 + Level 2.4 Stealth
 + Level 3.6 Unarmed Combat


You had 3 spell levels left.
You didn't know any spells.
Your spell library was empty.

Dungeon Overview and Level Annotations

Branches:
Dungeon (2/15)

Altars:

Annotations:
D:2 Sigmund


Innate Abilities, Weirdness & Mutations

You have extremely sharp teeth.
Your natural rate of healing is unusually fast.
When hurt, damage is shared between your health and your magic reserves.
Your bite disrupts and absorbs the magic of your enemies.
Potions cannot restore your health.


Message History

The orc priest is lightly wounded.
The orc priest hits you with a +0 short sword.
You hit the orc priest. Your bite misses the orc priest.
The orc priest is heavily wounded.
Sigmund closely misses you.
The orc priest looks encouraged for a moment.
You closely miss the orc priest.
You bite the orc priest, but do no damage.
The orc priest is heavily wounded.
The orc priest barely misses you.
Sigmund says, "Don't worry, I'll kill you fast."
Sigmund hits you from afar with a +0 scythe.
You barely miss the orc priest. Your bite misses the orc priest.
The orc priest is heavily wounded.
The orc priest closely misses you.
You hit the orc priest but do no damage.
The orc priest is heavily wounded.
Sigmund barely misses you.
You closely miss the orc priest.
The orc priest is heavily wounded.
The orc wizard casts a spell.
The orc wizard flickers and vanishes!
Deactivating autopickup; reactivate with Ctrl-A.
You hit the orc.
The orc is almost dead.
Sigmund hits you from afar with a +0 scythe!
* * * LOW HITPOINT WARNING * * *
You barely miss the orc.
The orc is almost dead.
The orc priest begins to cast a cantrip, but forgets the words!
The orc misses you. Sigmund completely misses you.
You hit the orc.
You kill the orc!
You hit the orc priest but do no damage.
Your bite misses the orc priest.
The orc priest is moderately wounded.
The orc priest calls down the wrath of Beogh upon you.
Beogh smites you!
Ouch! That really hurt!
You die...

# ######....#
####.###.........#
#........####.#....#
.#.###..# #.####.#
#....# ### #
#.....#.## ......#.#
# ..###.#.###<# #
#....@o.{#
#....##@.....#
#.#### ...#### #.
....# # .S#.# #o#.#
.. # #.


You could see Sigmund and an orc priest.

Vanquished Creatures
  Natasha (D:2)
  An adder (D:2)
  2 dart slugs
  An orc (D:2)
  An endoplasm (D:1)
  2 giant cockroaches (D:1)
  4 goblins (D:1)
  3 hobgoblins
  4 jackals (D:1)
  2 kobolds (D:1)
  A quokka (D:1)
  A ball python (D:1)
  A bat (D:2)
  6 rats
30 creatures vanquished.

Notes
Turn   | Place    | Note
-------+----------+-------------------------------------------
     0 | D:1      | Hubris850 the Vine Stalker Monk began the quest for the
                  | Orb.
     0 | D:1      | Reached XP level 1. HP: 11/11 MP: 2/2
   183 | D:1      | Reached XP level 2. HP: 16/16 MP: 3/3
   185 | D:1      | Reached skill level 1 in Stealth
   416 | D:1      | Reached XP level 3. HP: 14/20 MP: 4/4
   706 | D:2      | Noticed Natasha
   714 | D:2      | Killed Natasha
   809 | D:2      | Gained mutation: Your natural rate of healing is unusually
                  | fast. [Vine Stalker growth]
   809 | D:2      | Reached XP level 4. HP: 24/24 MP: 5/5
   925 | D:2      | Noticed Sigmund
   936 | D:2      | Killed from afar by an orc priest

Illustrated notes

Levels and vault maps discovered:
D:1:      spicycebolla_arrival_xxxplode, layout_basic
D:2:      layout_basic, uniq_sigmund, uniq_natasha

Skill      XL: |  1  2  3  4 |
---------------+-------------+-----
Stealth        | 1 2 |  2.4
Fighting       | 3 |  3.0
Dodging        | 3 |  3.0
Unarmed Combat | |  3.6

Action                     |  1- 3 |  4- 6 || total
---------------------------+-------+-------++-------
  Melee: Unarmed           |    85 |    25 ||   110
         Bite              |    21 |     6 ||    27
         Punch             |     1 |       ||     1
 Armour: Robe              |    19 |     3 ||    22
  Dodge: Dodged            |    41 |    14 ||    55

Table legend: (Time is in decaauts)
 A = Elapsed time spent in this place.
 B = Non-inter-level travel time spent in this place.
 C = Inter-level travel time spent in this place.
 D = Time resting spent in this place.
 E = Time spent auto-exploring this place.
 F = Levels seen in this place.
 G = Mean time per level.
                   A        B        C        D        E       F      G
               +--------+--------+--------+--------+--------+-----+--------+
         Total |    929 |    913 |     16 |     16 |    657 |   2 |  464.5 |
       Dungeon |    929 |    913 |     16 |     16 |    657 |   2 |  464.5 |
               +--------+--------+--------+--------+--------+-----+--------+

Top non-repeatable levels by time:
     D:1: 662 daAuts
     D:2: 267 daAuts
